 Dungeon Crawl Stone Soup version 0.24.0-123-gd5b16e6ec5 (webtiles) character file.

Game seed: 15443087547187440747, levelgen mode: deterministic

2385 FishyPogo the Skirmisher (level 9, -13/69 (70) HPs)
             Began as a Pale Draconian Transmuter on Dec 19, 2019.
             Was a Priest of Hepliaklqana.
             Mangled by a yak (14 damage)
             ... on level 9 of the Dungeon.
             The game lasted 00:36:47 (6470 turns).

FishyPogo the Skirmisher (DrTm)                     Turns: 6470, Time: 00:36:51

HP:   -13/69 (70)   AC:  7    Str: 13    XL:     9   Next: 22%
MP:   5/13          EV: 15    Int: 13    God:    Hepliaklqana [***...]
Gold: 544           SH:  0    Dex: 15    Spells: 5/14 levels left

rFire    + . .     SeeInvis .     - Unarmed
rCold    + . .     Gourm    .   (no shield)
rNeg     . . .     Faith    .   (armour unavailable)
rPois    .         Spirit   .   (helmet restricted)
rElec    .         Reflect  .   (no cloak)
rCorr    .         Harm     +   (no gloves)
MR       .....                  (no boots)
Stlth    +.........             K - amulet of harm
HPRegen  1.21/turn              k - ring of protection from cold
MPRegen  0.13/turn              l - ring of protection from fire

@: very slightly contaminated, regenerating (expiring)
A: breathe steam, unfitting armour, reduced essence, cold-blooded, AC +7
a: Breathe Steam, Recall Ancestor, Ancestor Identity, Transference, Renounce
Religion


You were on level 9 of the Dungeon.
You worshipped Hepliaklqana.
Hepliaklqana was most pleased with you.
You were hungry.

You visited 1 branch of the dungeon, and saw 9 of its levels.

You collected 544 gold pieces.

Inventory:

Hand Weapons
 a - a +1 hunting sling of freezing
 n - a +2 dagger of venom
Missiles
 b - 8 boomerangs
 d - 185 stones
 f - 2 throwing nets
 m - 89 arrows
 p - 16 poisoned darts (quivered)
Armour
 F - the cursed +1 leather armour "Pilaur" {rPois Dex+3, unknown}
   (You found it on level 8 of the Dungeon)

   It affects your dexterity (+3).
   It protects you from poison.
   It has a curse placed upon it.
Magical Staves
 g - an uncursed staff of conjuration
Jewellery
 k - a ring of protection from cold (left hand)
 l - a ring of protection from fire (right hand)
 H - an uncursed amulet of guardian spirit
 K - an amulet of harm (around neck)
Wands
 t - a wand of flame (8)
 C - a wand of clouds (7)
 D - a wand of iceblast (12)
 I - a wand of polymorph (9)
 L - a wand of random effects (9)
Scrolls
 e - 8 scrolls of identify
 j - 2 scrolls of enchant armour
 o - a scroll of immolation
 r - a scroll of fog {unknown}
 s - a scroll of fear
 v - a scroll of random uselessness {unknown}
 w - 3 scrolls of enchant weapon
 x - 2 scrolls of teleportation {unknown}
 y - a scroll of acquirement {unknown}
 B - a scroll of magic mapping {unknown}
 E - 7 scrolls of remove curse
Potions
 h - 4 potions of curing
 i - 2 potions of cancellation {unknown}
 q - 3 potions of lignification {unknown}
 u - 3 potions of heal wounds {unknown}
 z - a potion of mutation {unknown}
 A - a potion of experience {unknown}
 G - a potion of invisibility {unknown}
Comestibles
 c - 10 rations
 J - 5 chunks of flesh


   Skills:
 + Level 6.8 Fighting
 - Level 4.0 Slings
 + Level 5.8 Dodging
 - Level 3.0 Unarmed Combat
 - Level 3.0 Spellcasting
 - Level 1.1 Charms
 - Level 2.0 Necromancy
 - Level 4.2 Transmutations
 - Level 5.4 Invocations


You had 5 spell levels left.
You knew the following spells:

 Your Spells              Type           Power        Failure   Level  Hunger
h - Regeneration          Chrm/Necr      #.........   34%         3    ###....
n - Sticks to Snakes      Tmut           ##......     6%          2    ###....
u - Spider Form           Tmut/Pois      #.........   28%         3    ###....
y - Beastly Appendage     Tmut           ##....       4%          1    #......

Your spell library contained the following spells:

 Spells                   Type           Power        Failure   Level  Hunger
 Infusion                 Chrm           #...         14%         1    #......
 Corona                   Hex            #......      22%         1    #......
 Summon Small Mammal      Summ           #...         22%         1    #......
 Song of Slaying          Chrm           #.......     22%         2    ###....
 Shroud of Golubria       Chrm/Tloc      #.....       28%         2    ###....
 Call Imp                 Summ           #.......     34%         2    ###....
 Ensorcelled Hibernation  Hex/Ice        #.....       34%         2    ###....
 Spectral Weapon          Hex/Chrm       #.......     50%         3    ###....
 Call Canine Familiar     Summ           #.......     56%         3    ###....
 Confuse                  Hex            #.......     56%         3    ###....
 Dazzling Spray           Conj/Hex       #.....       56%         3    ###....
 Summon Guardian Golem    Hex/Summ       #.......     56%         3    ###....
 Tukima's Dance           Hex            #.......     56%         3    ###....
 Ice Form                 Ice/Tmut       #.......     67%         4    #####..
 Blade Hands              Tmut           ##........   73%         5    ######.
 Summon Ice Beast         Ice/Summ       #.......     92%         4    #####..
 Summon Lightning Spire   Summ/Air       #.......     92%         4    #####..


Dungeon Overview and Level Annotations

Branches:
Dungeon (9/15)             Temple (0/1) D:5
   Lair: D:8-11         Orc: D:9-12

Altars:
Cheibriados
Dithmenos
Elyvilon
Hepliaklqana
Ru
Trog
Uskayaw
Vehumet
Wu Jian
Yredelemnul
Zin
The Shining One
Lugonu

Shops:
D:6 %

Portals:
Abyss: D:1


Innate Abilities, Weirdness & Mutations

You can breathe blasts of scalding, opaque steam.
Your pale cyan-grey scales are hard. (AC +7)
You cannot fit into any form of body armour.
You are cold-blooded and may be slowed by cold attacks.
Your life essence is reduced to manifest your ancestor. (-10% HP)


Message History

You miscast Spider Form.
You are very lightly contaminated with residual magic.
Your skin tingles.
Casting: Spider Form (safe; 28% risk of failure)
Confirm with . or Enter, or press ? or * to list all spells.
Your skin crawls.
You are feeling hungry.
You have got your breath back.
The yak gores you!
* * * LOW HITPOINT WARNING * * *
The yak gores you but does no damage.
Things that are here:
a +3 dagger of distortion; a +2 robe; the human corpse of Psyche Your skin is crawling a little less now.
You hear some strange, mumbled words.
A magic dart appears from out of thin air!
The magic dart hits you.
* * * LOW HITPOINT WARNING * * *
The yak gores you!
You die...

..............#.......
#...
...................####
#...
.....#.##...........
#...
...#...........####
#...
...#.#..#....#...###
.....
...##......#......
.##... .#
#...#Y........ #...
##..#Y#...#### #...
###....@H..#### ...
#####....†Y#......# ###
).........††.#.##..
.....?...#.Y##.# .
........###..#.###..
........####...>....
.........HYY.o....##
##......##....{...#
#.?.......>......#


You could see a hippogriff and 3 yaks.

Vanquished Creatures
  Psyche (D:9)
  Sigmund (D:3)
  2 yaks (D:9)
  An orc warrior (D:9)
  2 black bears (D:9)
  2 necrophages
  3 howler monkeys (D:7)
  2 hounds (D:9)
  An orc priest (D:7)
  An orc wizard (D:3)
  Ijyb (D:5)
  An iguana (D:9)
  A worker ant (D:4)
  4 gnolls
  4 adders
  A shadow imp (D:7)
  An ooze (D:3)
  2 adder skeletons
  A worm (D:2)
  3 leopard geckos
  13 orcs
  5 ball pythons
  6 giant cockroaches
  4 goblins
  6 hobgoblins
  7 jackals
  5 kobolds
  3 quokkas
  A ball python skeleton (D:4)
  6 bats
  A frilled lizard (D:2)
  A jackal skeleton (D:8)
  5 rats
98 creatures vanquished.

Vanquished Creatures (collateral kills)
  A sky beast (D:5)
  A phantom (D:4)
  An ogre (D:4)
  2 scorpions
  A howler monkey (D:9)
  A crimson imp (D:6)
  A bullfrog zombie (D:9)
  A jelly (D:7)
  An orc priest (D:9)
  2 hound zombies (D:7)
  2 hound skeletons
  A howler monkey zombie (D:9)
  4 gnolls
  6 adders
  An adder skeleton (D:4)
  A dart slug (D:2)
  3 orcs
  A giant cockroach (D:7)
  3 hobgoblins
  5 jackals
  A rat (D:3)
40 creatures vanquished.

Vanquished Creatures (others)
  A hexer (D:9)
1 creature vanquished.

Grand Total: 139 creatures vanquished

Notes
Turn   | Place    | Note
-------+----------+-------------------------------------------
     0 | D:1      | FishyPogo the Draconian Transmuter began the quest for the
                  | Orb.
     0 | D:1      | Reached XP level 1. HP: 16/16 MP: 3/3
   172 | D:1      | Found a corrupted altar of Lugonu.
   172 | D:1      | Found a one-way gate to the infinite horrors of the Abyss.
   172 | D:1      | Noticed a quasit
   172 | D:1      | Noticed an iron imp
   172 | D:1      | Noticed a quasit
   172 | D:1      | Noticed an iron imp
   172 | D:1      | Noticed an iron imp
   172 | D:1      | Noticed a demonic crawler
   172 | D:1      | Noticed a quasit
   173 | D:1      | Noticed an iron imp
   173 | D:1      | Noticed a quasit
   367 | D:1      | Noticed an iron imp
   475 | D:1      | Reached XP level 2. HP: 23/23 MP: 3/5
  1147 | D:2      | Reached XP level 3. HP: 29/29 MP: 4/6
  1152 | D:2      | Learned a level 3 spell: Spider Form
  1155 | D:2      | Learned a level 2 spell: Sticks to Snakes
  1244 | D:2      | Reached skill level 2 in Fighting
  1277 | D:2      | Found a hazy altar of Hepliaklqana.
  1279 | D:2      | Found a white marble altar of Elyvilon.
  1328 | D:2      | Became a worshipper of Hepliaklqana the Forgotten
  1763 | D:2      | Reached XP level 4. HP: 33/33 MP: 7/7
  1858 | D:2      | Found a snail-covered altar of Cheibriados.
  2246 | D:3      | Reached skill level 3 in Fighting
  2278 | D:3      | Noticed Sigmund
  2287 | D:3      | Killed Sigmund
  2287 | D:3      | Reached skill level 1 in Slings
  2287 | D:3      | Reached skill level 1 in Invocations
  2287 | D:3      | Reached XP level 5. HP: 26/40 MP: 4/8
  2288 | D:3      | Reached XP level 6. HP: 29/45 MP: 4/9
  2802 | D:4      | Reached * piety under Hepliaklqana
  3100 | D:4      | Found a sacrificial altar of Ru.
  3197 | D:4      | Reached skill level 4 in Fighting
  3197 | D:4      | Your scales start taking on a pale cyan-grey colour.
  3197 | D:4      | Reached XP level 7. HP: 36/53 MP: 7/10
  3704 | D:4      | Found a bloodstained altar of Trog.
  3768 | D:5      | Entered Level 5 of the Dungeon
  3814 | D:5      | Reached ** piety under Hepliaklqana
  3815 | D:5      | Remembered your ancestor Decima as a hexer
  3833 | D:5      | Noticed Ijyb
  3855 | D:5      | Killed Ijyb
  3973 | D:5      | Found a staircase to the Ecumenical Temple.
  4121 | D:5      | Noticed a +0 hand axe
  4121 | D:5      | Noticed a +0 hand axe
  4129 | D:5      | Found a hide-covered altar of Uskayaw.
  4216 | D:6      | Found a basalt altar of Yredelemnul.
  4228 | D:6      | Found a radiant altar of Vehumet.
  4296 | D:6      | Learned a level 3 spell: Regeneration
  4312 | D:6      | Found a shadowy altar of Dithmenos.
  4314 | D:6      | Found a glowing golden altar of the Shining One.
  4463 | D:6      | Found Ulim's Food Boutique.
  4899 | D:7      | Reached *** piety under Hepliaklqana
  5143 | D:7      | Reached skill level 1 in Necromancy
  5143 | D:7      | Reached XP level 8. HP: 54/60 MP: 7/11
  5733 | D:8      | Got a slimy leather armour
  5881 | D:8      | Reached skill level 1 in Charms
  5935 | D:8      | Found an ornate altar of the Wu Jian Council.
  6139 | D:9      | Found a glowing silver altar of Zin.
  6221 | D:9      | Reached skill level 5 in Fighting
  6416 | D:9      | Reached **** piety under Hepliaklqana
  6420 | D:9      | Noticed a hippogriff
  6420 | D:9      | Noticed Psyche
  6444 | D:9      | Reached skill level 5 in Dodging
  6451 | D:9      | Killed Psyche
  6451 | D:9      | Reached skill level 6 in Fighting
  6451 | D:9      | Reached skill level 5 in Invocations
  6451 | D:9      | Reached XP level 9. HP: 24/68 MP: 8/13
  6470 | D:9      | HP: 1/69 [something/magic dart (7)]
  6470 | D:9      | Mangled by a yak

Levels and vault maps discovered:
D:1:      erik_arrival_cave_to_civilisation [erik_arrival_cave_to_temple],
          layout_basic
D:2:      layout_basic, kennysheep_slug_shrine, minitemple
D:3:      layout_loops_ring, uniq_sigmund
D:4:      layout_loops_corners, nicolae_ru_awakened_eye, lightli_temple_of_fire,
          serial_glass, glass_columns_a, glass_columns_c, glass_columns_a,
          glass_columns_a, glass_columns_b, glass_columns_a, glass_columns_a,
          glass_columns_a, glass_columns_a, glass_columns_a, glass_columns_c,
          glass_columns_a, glass_columns_c, glass_columns_a, first_ration
D:5:      layout_rooms, dancing_weapons_uskayaw,
          minmay_temple_entry_antechambers, uniq_ijyb
D:6:      layout_rooms, vehumet_crystals,
          chequers_temple_overflow_statue_of_worship, serial_shops, shop_statue,
          basic_altar
D:7:      layout_layer_cave
D:8:      layout_rooms, lemuel_doored_altar
D:9:      layout_rooms, lemuel_crystal_altar, serial_shops,
          kennysheep_mini_moat, the_bakery, nicolae_dithmenos_the_darkroom,
          uniq_psyche

Skill      XL: |  1  2  3  4  5  6  7  8 |
---------------+-------------------------+-----
Dodging        | 2 3 5 |  5.8
Fighting       | 2 3 4 6 |  6.8
Transmutations | 3 4 |  4.2
Slings         | 1 2 4 |  4.0
Invocations    | 1 2 3 5 |  5.4
Necromancy     | 1 2 |  2.0
Charms         | 1 |  1.1
Spellcasting   | 3 |  3.0
Unarmed Combat | |  3.0

Action                   |  1- 3 |  4- 6 |  7- 9 || total
-------------------------+-------+-------+-------++-------
Melee: Unarmed           |   111 |   112 |   150 ||   373
       Tailslap          |    13 |     5 |    19 ||    37
       Kick              |     7 |     6 |    11 ||    24
       Headbutt          |     4 |     3 |     8 ||    15
       Punch             |     1 |       |     2 ||     3
       Hunting sling     |       |       |     2 ||     2
 Fire: Hunting sling     |       |     5 |    31 ||    36
Throw: Stone             |    19 |     6 |       ||    25
       Boomerang         |       |     2 |     1 ||     3
       Dart              |       |       |     6 ||     6
 Cast: Beastly Appendage |    19 |    14 |    13 ||    46
       Spider Form       |       |     9 |     5 ||    14
       Sticks to Snakes  |       |       |     2 ||     2
       Regeneration      |       |       |     1 ||     1
Invok: Recall Ancestor   |       |       |     2 ||     2
       Ancestor Life: He |       |       |     1 ||     1
       Transference      |       |       |     1 ||     1
 Abil: Breathe Steam     |       |       |     7 ||     7
  Use: Scroll            |     6 |     2 |       ||     8
 Stab: Sleeping          |     2 |       |       ||     2
       Distracted        |       |       |     1 ||     1
       Confused          |       |       |     1 ||     1
  Eat: Chunk             |     4 |     5 |    13 ||    22
Armor: Skin              |    25 |    20 |    36 ||    81
Dodge: Dodged            |    72 |    86 |   122 ||   280
